 Dungeon Crawl Stone Soup version 0.18.1-50-g88ac8fd (webtiles) character file.

315 ololoev the Magician (level 6, 8/48 HPs)
             Began as a Deep Elf Earth Elementalist on Dec 6, 2016.
             Quit the game on level 4 of the Dungeon.
             The game lasted 00:07:24 (911 turns).

ololoev the Magician (Deep Elf Earth Elementalist)   Turns: 911, Time: 00:07:25

Health: 8/48       AC: 23    Str: 10    XL:     6   Next: 20%
Magic:  18/18      EV:  2    Int: 31    God:
Gold:   67         SH:  0    Dex: 15    Spells: 3 memorised, 13 levels left

rFire  . . .     SeeInvis .     a - +1 dagger (venom)
rCold  . . .     Gourm    .     (armour currently unavailable)
rNeg   + + +     Faith    .     (no shield)
rPois  +         Spirit   .     (helmet currently unavailable)
rElec  .         Dismiss  .     (cloak currently unavailable)
rCorr  +         Reflect  .     (gloves currently unavailable)
SustAt .         Harm     .     (boots currently unavailable)
MR     .....     NoTele   +     q - amulet of rage
Stlth  +++.......               n - ring of resist corrosion
                                e - +4 ring of intelligence

@: mighty, brilliant, tree-form (expiring), very slightly contaminated, not
resistant to hostile enchantments, fairly stealthy
A: no striking features
a: Evoke Berserk Rage

Inventory:

Hand Weapons
 a - a +1 dagger of venom (weapon)
Armour
 i - a +0 cloak (melded)
 l - a +0 robe (melded)
Jewellery
 e - a +4 ring of intelligence (left branch)
 n - a ring of resist corrosion (right branch)
 q - an amulet of rage (around neck)
Scrolls
 f - 2 scrolls of magic mapping {unknown}
 j - a scroll of identify {unknown}
 m - a scroll of remove curse {unknown}
 o - 2 scrolls of enchant weapon {unknown}
 s - a scroll of noise {unknown}
Books
 c - a book of Geomancy

   Spells                             Type                      Level
   a - Sandblast                      Earth                        1
   b - Passwall                       Transmutation/Earth          2
   c - Stone Arrow                    Conjuration/Earth            3
   d - Petrify                        Transmutation/Earth          4
   e - Lee's Rapid Deconstruction     Earth                        5
Comestibles
 b - 2 chunks of flesh
 d - 2 bread rations
 g - a beef jerky
 u - a royal jelly


   Skills:
 - Level 2.4 Dodging
 - Level 2.4 Stealth
 * Level 7.2 Spellcasting
 - Level 1.1 Transmutations
 + Level 5.3 Earth Magic


You had 13 spell levels left.
You knew the following spells:

 Your Spells              Type           Power        Failure   Level  Hunger
a - Sandblast             Erth           ######       1%          1    None
b - Stone Arrow           Conj/Erth      #####.       1%          3    None
w - Passwall              Trmt/Erth      #####.....   1%          2    None


You were on level 4 of the Dungeon.
You were hungry.
You were a tree.
You visited 2 branches of the dungeon, and saw 6 of its levels.

You collected 67 gold pieces.

########### ####...>.....##
###.............#
#..............## #
#......./......# .# ..
#.............#####..##
..####............[##......#
................♣..).......#
#.#.#.#.#.........####......#
............>....## ......#
#.......#.......## .......
...............## .......
#...>...#.###### ....o..
..........# .......
#.......#.# .......
..........#

Notes
Turn   | Place    | Note
--------------------------------------------------------------
     0 | D:1      | ololoev the Deep Elf Earth Elementalist began the quest for the Orb.
     0 | D:1      | Reached XP level 1. HP: 10/10 MP: 6/6
   214 | D:2      | Noticed Terence
   219 | D:2      | Killed Terence
   219 | D:2      | Reached skill level 4 in Spellcasting
   219 | D:2      | Reached XP level 2. HP: 15/15 MP: 3/9
   219 | D:2      | Reached XP level 3. HP: 19/19 MP: 3/10
   241 | D:1      | Learned a level 2 spell: Passwall
   245 | D:1      | Learned a level 3 spell: Stone Arrow
   570 | D:4      | Reached skill level 5 in Spellcasting
   570 | D:4      | Reached XP level 4. HP: 24/24 MP: 9/13
   653 | D:4      | Reached XP level 5. HP: 23/28 MP: 10/15
   664 | D:4      | Reached skill level 6 in Spellcasting
   718 | D:4      | Found a staircase to the Ecumenical Temple.
   727 | Temple   | Entered the Ecumenical Temple
   794 | D:5      | Entered Level 5 of the Dungeon
   810 | D:5      | Reached skill level 5 in Earth Magic
   850 | D:4      | Reached skill level 7 in Spellcasting
   850 | D:4      | Reached XP level 6. HP: 20/32 MP: 1/18
   911 | D:4      | Quit the game

Dungeon Overview and Level Annotations

Branches:
Dungeon (5/15)             Temple (1/1) D:4

Altars:
Ashenzari
Cheibriados
Fedhas
Gozag
Kikubaaqudgha
Makhleb
Nemelex Xobeh
Okawaru
Pakellas
Ru
Yredelemnul
The Shining One


Message History

You puncture the orc wizard!
You kill the orc wizard!
You feel sick.
Items here: )) [[ † a dagger of venom; a robe; a dagger; a robe; an orc corpse You butcher the orc corpse.
You enjoyed that.
You feel sick.
b - 2 chunks of flesh
Items here: )) [[ ÷ a dagger of venom; a robe; a dagger; a robe; an orc skeleton You feel sick.
r - a dagger of venom You feel a strong urge to attack something.
You feel sick.
You feel your anger subside.
You are no longer berserk.
You pass out from exhaustion.
You feel yourself slow down.
You feel sick.
You feel sick. x2
You can move again.
Wield which item (- for none, * to show all)? (? for menu, Esc to quit)
Your +1 dagger of venom stops dripping with poison.
Your +0 dagger of venom begins to drip with poison!
r - a +0 dagger of venom (weapon)
Drop what? 22/52 slots (_ for help) (? for menu, Esc to quit)
Your +0 dagger of venom stops dripping with poison.
You are now empty-handed.
You drop a +0 dagger of venom.
You feel sick.
Your +1 dagger of venom begins to drip with poison!
a - a +1 dagger of venom (weapon)
You feel sick.
Drink which item? (? for menu, Esc to quit)
It was a potion of brilliance.
You feel clever all of a sudden.
Drink which item? (? for menu, Esc to quit)
You can't drink that!
Drink which item? (? for menu, Esc to quit)
It was a potion of magic.
Magic courses through your body.
You feel sick.
Drink which item? (? for menu, Esc to quit)
It was a potion of haste.
You feel yourself speed up.
You feel sick.
You are very lightly contaminated with residual magic.
Drink which item? (? for menu, Esc to quit)
It was a potion of might.
You feel very mighty all of a sudden.
Drink which item? (? for menu, Esc to quit)
It was a potion of lignification.
You turn into a tree.
Your +0 cloak melds into your body.
Your +0 robe melds into your body.
Your roots penetrate the ground.
You cannot move.
You swing at nothing.
You feel sick.
You swing at nothing.
You swing at nothing.
You swing at nothing.
You are feeling hungry.
You feel sick.
You swing at nothing.
You swing at nothing.
You swing at nothing.
You feel yourself speed up.
You swing at nothing.
You feel sick.
You swing at nothing.
You swing at nothing.
You swing at nothing.
You swing at nothing.
You swing at nothing.
You swing at nothing.
You feel sick.
You swing at nothing.
You swing at nothing.
You feel less exhausted.
You swing at nothing.
You swing at nothing.
You swing at nothing.
You swing at nothing.
You feel sick.
You are no longer poisoned.
You swing at nothing.
You swing at nothing.
You swing at nothing.
You swing at nothing.
You swing at nothing.
Your extra speed is starting to run out.
You feel yourself slow down.
Your transformation is almost over.
Are you sure you want to abandon this character and quit the game? (Confirm with "yes".)

There were no monsters in sight!

Vanquished Creatures
  A hound (D:4)
  A giant frog skeleton (D:4)
  An orc priest (D:4)
  2 orc wizards (D:4)
  Terence (D:2)
  2 worker ants (D:4)
  6 gnolls
  An adder (D:2)
  A worm (D:4)
  A ball python (D:1)
  A bat (D:3)
  2 giant cockroaches (D:1)
  5 goblins
  2 hobgoblins (D:2)
  3 jackals (D:2)
  4 kobolds
  2 rats (D:2)
36 creatures vanquished.

Vanquished Creatures (others)
  A hobgoblin (D:1)
1 creature vanquished.

Grand Total: 37 creatures vanquished

Action                   |  1- 3 |  4- 6 || total
-------------------------+-------+-------++-------
Melee: Dagger            |     2 |     4 ||     6
 Cast: Sandblast         |    37 |    34 ||    71
       Stone Arrow       |       |     2 ||     2
 Abil: Evoke Berserk Rag |       |     1 ||     1
Evoke: Wand              |       |     2 ||     2
  Use: Potion            |       |     5 ||     5
Armor: Robe              |     1 |     1 ||     2
Dodge: Dodged            |    10 |     3 ||    13

Vault maps used:
D:1:      dpeg_arrival_tiny_d, lemuel_flame_loot_1
D:2:      uniq_terence
D:3:      minivault_4, uniq_sigmund
D:4:      grunt_qazlal_clouds, minmay_temple_entry_glass, first_bread,
          uniq_crazy_yiuf_cottage, uniq_eustachio, uniq_purgy
D:5:      grunt_temple_overflow_open
Temple:   zaba_magenta_temple_12
